 Dungeon Sprint DCSS version 0.24-a0-581-gc0fa660 (webtiles) character file.

Game seed: 2567261376559414819

272 Faca the Impaler (level 8, -7/78 HPs)
             Began as a Merfolk Gladiator on Aug 20, 2019.
             Was a High Priest of Makhleb.
             Mangled by a seven-headed hydra (13 damage)
             ... in the Dungeon (Sprint VI: "Thunderdome") on Aug 22, 2019.
             The game lasted 00:07:18 (923 turns).

Faca the Impaler (Merfolk Gladiator)                 Turns: 923, Time: 00:07:18

Health: -7/78      AC:  4    Str: 16    XL:     8   Next: 74%
Magic:  8/8        EV: 20    Int:  7    God:    Makhleb [*****.]
Gold:   200        SH:  0    Dex: 16    Spells: 7/7 levels left

rFire    . . .     SeeInvis .   a - +0 trident
rCold    . . .     Gourm    .   (no shield)
rNeg     . . .     Faith    .   b - +0 leather armour
rPois    .         Spirit   .   c - +0 helmet
rElec    .         Reflect  .   (no cloak)
rCorr    .         Harm     .   (no gloves)
MR       .....     NoTele   +   (no boots)
Stlth    +.........             (no amulet)
HPRegen  0.23/turn              (no ring)
MPRegen  0.11/turn              (no ring)

@: no status effects
A: change form in water, swift swim, stealthy swim
a: Minor Destruction, Lesser Servant of Makhleb, Major Destruction, Greater
Servant of Makhleb, Renounce Religion


You were in the Dungeon.
You worshipped Makhleb.
Makhleb was extremely pleased with you.
You were not hungry.

You visited 1 branch You collected 600 gold pieces.
You spent 400 gold pieces at shops.

Inventory:

Hand Weapons
 a - a +0 trident (weapon)
Missiles
 d - 3 throwing nets (quivered)
Armour
 b - a +0 leather armour (worn)
 c - a +0 helmet (worn)
Wands
 m - a wand of acid (5)
 n - a wand of iceblast (4)
Scrolls
 k - 4 scrolls of blinking
 o - 3 scrolls of fog
Potions
 e - a potion of curing
 h - 4 potions of haste
 i - 2 potions of magic
 j - a potion of berserk rage
 l - a potion of resistance
Miscellaneous
 q - a quad damage
Comestibles
 f - a ration


   Skills:
 + Level 12.8 Fighting
 + Level 16.3 Polearms
 - Level 2.0 Throwing
 + Level 11.8 Dodging
 + Level 0.0 Invocations


You had 7 spell levels left.
You didn't know any spells.
Your spell library was empty.

Dungeon Overview and Level Annotations

Branches:
Dungeon (1/1)

Altars:
Cheibriados
Dithmenos
Fedhas
Gozag
Kikubaaqudgha
Makhleb
Okawaru
Qazlal
Ru
Sif Muna
Trog
Uskayaw
Vehumet
Wu Jian
Xom
Yredelemnul
Zin
The Shining One
Beogh
Jiyva
Lugonu

Shops:
D *[%??*?*:[((!!!!


Message History

The seven-headed hydra bites you!
* * * LOW HITPOINT WARNING * * *
The seven-headed hydra completely misses you.
You feel much better. The seven-headed hydra bites you!
The seven-headed hydra misses you. x2
The seven-headed hydra closely misses you.
The seven-headed hydra misses you. The seven-headed hydra bites you.
* * * LOW HITPOINT WARNING * * *
The seven-headed hydra closely misses you.
Okay, then.
You puncture the seven-headed hydra!
The seven-headed hydra is severely wounded.
The seven-headed hydra bites you!
* * * LOW HITPOINT WARNING * * *
The seven-headed hydra barely misses you.
The seven-headed hydra bites you.
* * * LOW HITPOINT WARNING * * *
The seven-headed hydra barely misses you.
The seven-headed hydra bites you!
You die...

###.........### #⌠...........⌠#
######.8.........8[######
##∩___......###......___∩##
###∩........8.# #.8........∩###
##.............###.............##
#⌠..........###...###..........⌠#
#⌠..........# #.<.# #..........⌠#
#⌠..........###D@.###..........⌠#
##.............###.............##
###∩........8.# #.8........∩###
##∩__.......###.....(___∩##
######.8.....(...8.######
#⌠......(.)..⌠# ###...[†..÷.###
#_........# #_.†....._#


You could see a seven-headed hydra.

Vanquished Creatures
  A kobold demonologist (D)
  Grinder (D)
  Sigmund (D)
  Grum (D)
  2 hell hounds (D)
  2 wolves (D)
  2 big kobolds (D)
  4 hounds (D)
  Jessica (D)
  A shadow imp (D)
  A white imp (D)
  2 ufetubi (D)
  3 kobolds (D)
22 creatures vanquished.

Notes
Turn   | Place    | Note
-------+----------+-------------------------------------------
     0 | D        | Faca the Merfolk Gladiator began the quest for the Orb.
     0 | D        | Reached XP level 1. HP: 16/16 MP: 1/1
     0 | D        | Found an iron altar of Okawaru.
     0 | D        | Found a glowing silver altar of Zin.
     1 | D        | Found an ancient bone altar of Kikubaaqudgha.
     1 | D        | Found a shadowy altar of Dithmenos.
     2 | D        | Found a hide-covered altar of Uskayaw.
     2 | D        | Found a burning altar of Makhleb.
     3 | D        | Found Fawn's Delicious Food.
     3 | D        | Found a shimmering altar of Xom.
     3 | D        | Found Fuenueh's Identification Station.
     4 | D        | Found Xeezxim's Jewellery.
     4 | D        | Found Uthorata's Advanced Armour.
     5 | D        | Round 1.
     7 | D        | Found a snail-covered altar of Cheibriados.
     8 | D        | Found a corrupted altar of Lugonu.
    17 | D        | Noticed a hound
    28 | D        | Killed a hound
    28 | D        | Reached skill level 5 in Fighting
    28 | D        | Reached skill level 7 in Polearms
    28 | D        | Reached XP level 2. HP: 14/27 MP: 2/2
    28 | D        | Reached XP level 3. HP: 17/33 MP: 3/3
    42 | D        | Found a basalt altar of Yredelemnul.
    43 | D        | Found Tiobafaf's Magic Scroll Shop.
    44 | D        | Found a radiant altar of Vehumet.
    44 | D        | Found a stormy altar of Qazlal.
    44 | D        | Found a bloodstained altar of Trog.
    44 | D        | Found Ixtynuef's Staff Store.
    44 | D        | Found Colaf's Magic Scroll Shop.
    44 | D        | Found Wuetuzxe's Must-Have Magic.
    48 | D        | Found an opulent altar of Gozag.
    55 | D        | Noticed Sigmund
    57 | D        | Found a glowing golden altar of the Shining One.
    73 | D        | Killed Sigmund
    73 | D        | Reached skill level 11 in Polearms
    73 | D        | Reached XP level 4. HP: 16/45 MP: 4/4
    73 | D        | Reached XP level 5. HP: 18/51 MP: 5/5
    74 | D        | Found a sacrificial altar of Ru.
    74 | D        | Found Ygyagr Nenn's Distillery.
    74 | D        | Found Cyogeq's Distillery.
    75 | D        | Found Wun Zeg's Bottled Wisdom.
    76 | D        | Found a shimmering blue altar of Sif Muna.
    76 | D        | Found a blossoming altar of Fedhas.
    76 | D        | Found an ornate altar of the Wu Jian Council.
    76 | D        | Found Voameexa's Do-It-Yourself Clinic.
    83 | D        | Found a roughly hewn altar of Beogh.
    83 | D        | Found a viscous altar of Jiyva.
    84 | D        | Found Qexaraeg's Weapon Rack.
    85 | D        | Found Hiekledgh's Basic Armour.
    85 | D        | Found Tyacw's Miscellaneous Merchandise.
    86 | D        | Found Ocaclix's Premium Goods.
   110 | D        | Upgraded the game from 0.24-a0-574-g7d3d5a4 to
                  | 0.24-a0-581-gc0fa660
   113 | D        | Became a worshipper of Makhleb the Destroyer
   136 | D        | Noticed Jessica
   141 | D        | Killed Jessica
   141 | D        | Reached skill level 12 in Polearms
   158 | D        | Reached XP level 6. HP: 35/59 MP: 6/6
   165 | D        | Reached * piety under Makhleb
   165 | D        | Arena points: 12 (+12) [x2]
   165 | D        | Reached skill level 5 in Dodging
   221 | D        | Round 2.
   280 | D        | Noticed Grinder
   315 | D        | Killed Grinder
   315 | D        | Reached skill level 10 in Fighting
   315 | D        | Reached skill level 13 in Polearms
   315 | D        | Reached XP level 7. HP: 13/67 MP: 7/7
   316 | D        | Reached ** piety under Makhleb
   390 | D        | Arena points: 48 (+36) [x3]
   450 | D        | Round 3.
   460 | D        | Reached skill level 14 in Polearms
   471 | D        | Reached *** piety under Makhleb
   520 | D        | Noticed Grum
   533 | D        | Killed Grum
   557 | D        | Reached skill level 15 in Polearms
   557 | D        | Reached skill level 10 in Dodging
   557 | D        | Reached XP level 8. HP: 42/76 MP: 8/8
   601 | D        | Reached **** piety under Makhleb
   601 | D        | Arena points: 132 (+84) [x4]
   606 | D        | Bought a quad damage for 400 gold pieces
   673 | D        | Round 4.
   700 | D        | Noticed a kobold demonologist
   718 | D        | Killed a kobold demonologist
   718 | D        | Reached skill level 16 in Polearms
   816 | D        | Reached ***** piety under Makhleb
   818 | D        | Arena points: 272 (+140) [x5]
   891 | D        | Round 5.
   906 | D        | Noticed a seven-headed hydra
   918 | D        | HP: 3/78 [seven-headed hydra (8)]
   923 | D        | Mangled by a seven-headed hydra

Levels and vault maps discovered:
D:        arena_sprint

Skill      XL: |  1  2  3  4  5  6  7  8 |
---------------+-------------------------+-----
Fighting       | 5 8 9 10 11 12 | 12.8
Polearms       | 7 11 12 13 15 16 | 16.3
Dodging        | 8 10 11 | 11.8
Throwing       | |  2.0

Action                   |  1- 3 |  4- 6 |  7- 9 || total
-------------------------+-------+-------+-------++-------
Melee: Trident           |    24 |    53 |   115 ||   192
Invok: Minor Destruction |       |       |     1 ||     1
Evoke: Wand              |       |       |     1 ||     1
  Use: Potion            |       |       |     4 ||     4
Armor: Leather armour    |     4 |    11 |     7 ||    22
Dodge: Dodged            |    12 |    50 |    86 ||   148

Table legend:
 A = Non-vault XP
 B = Vault XP
 C = Vault XP percentage of total XP
 D = Non-vault monster count
 E = Vault monster count
 F = Vault count percentage of total count
                 A         B        C        D         E       F
            +---------+---------+-------+---------+---------+-------
      Total |    2061 |       0 |   0.0 |      22 |       0 |   0.0
            +---------+---------+-------+---------+---------+-------
          D |    2061 |       0 |   0.0 |      22 |       0 |   0.0
            +---------+---------+-------+---------+---------+-------
